 Dungeon Sprint DCSS version 0.30-a0-1114-gd936c97349 (webtiles) character file.

Game seed: 16611527371733586721

22015 123456 the Slayer (level 12, -6/152 HPs)
             Began as a Minotaur Fighter on Apr 20, 2023.
             Was an Initiate of Gozag.
             Killed from afar by a fire giant (46 damage)
             ... with a fireball
             ... in the Dungeon (Sprint IX: "|||||||||||||||||||||||||||||").
             The game lasted 00:05:57 (2059 turns).

123456 the Slayer (Minotaur Fighter)                Turns: 2059, Time: 00:05:58

Health: -6/152     AC: 28    Str: 26    XL:     12   Next: 59%
Magic:  11/11      EV: 16    Int:  9    God:    Gozag
Gold:   4092       SH:  0    Dex: 11    Spells: 11/11 levels left

rFire   . . .      SeeInvis .    b - +9 great mace
rCold   + . .      Faith    .    (shield currently unavailable)
rNeg    + + .      Spirit   .    B - +8 chain mail {ponderous}
rPois   .          Reflect  .    (helmet restricted)
rElec   .          Rampage  .    x - +1 cloak
rCorr   .          NoTele   +    G - +0 pair of gloves of Lust {rN++}
Will    .....                    y - +0 pair of boots Stlth
                                 (no amulet)
HPRegen 0.45/turn                q - +2 ring of evasion
MPRegen 0.12/turn                p - +3 ring of dexterity

@: gold aura, slow
A: horns 2, retaliatory headbutt, clever 1, cold resistance 1, robust 1
a: Renounce Religion, Potion Petition, Call Merchant, Bribe Branch


You were in the Dungeon.
You worshipped Gozag.
Gozag was most pleased with you.
You visited 1 branch You collected 8287 gold pieces.
You spent 3606 gold pieces at shops.
You paid 589 gold pieces to Gozag.

Inventory:

Hand Weapons
 b - a +9 great mace (weapon)
Armour
 x - a +1 cloak (worn)
 y - a +0 pair of boots (worn)
 B - a +8 chain mail of ponderousness (worn)
 G - the +0 pair of gloves of Lust (worn) {rN++}
   (You found it in the Dungeon)

   rN:        It greatly protects you from negative energy.
Jewellery
 c - a ring of willpower
 n - a +6 ring of dexterity
 o - a ring of resist corrosion
 p - a +3 ring of dexterity (right hand)
 q - a +2 ring of evasion (left hand)
 E - a ring of fire
 F - a ring of poison resistance
Wands
 m - a wand of acid (10)
 s - a wand of charming (5)
 z - a wand of roots (10)
Scrolls
 j - 2 scrolls of blinking
 l - 3 scrolls of amnesia
 u - 3 scrolls of fog
 v - 3 scrolls of fear
 w - a scroll of identify
Potions
 d - 5 potions of might
 e - 8 potions of curing
 f - a potion of heal wounds
 g - a potion of haste
 h - 4 potions of magic
 i - 3 potions of berserk rage
 k - 2 potions of invisibility
 r - a potion of brilliance
 t - a potion of attraction
Miscellaneous
 A - a lightning rod (4/4)
 C - a piece from Xom's chessboard (15/15)


   Skills:
 * Level 22.6 Fighting
 * Level 22.4 Maces & Flails
 + Level 16.6 Armour
 + Level 14.8 Dodging
 - Level 3.6 Shields


You had 11 spell levels left.
You didn't know any spells.
Your spell library was empty.

Dungeon Overview and Level Annotations

Branches:
Dungeon (1/1)

Altars:
Cheibriados
Dithmenos
Elyvilon
Fedhas
Gozag
Hepliaklqana
Kikubaaqudgha
Makhleb
Nemelex Xobeh
Okawaru
Qazlal
Ru
Sif Muna
Trog
Uskayaw
Vehumet
Wu Jian
Xom
Yredelemnul
Zin
The Shining One
Jiyva
Lugonu

Shops:
D !*?**


Innate Abilities, Weirdness & Mutations

You have a pair of horns on your head.
You reflexively headbutt those who attack you in melee.
Your mind is acute. (Int +4, Str/Dex -1)
Your flesh is cold resistant. (rC+)
You are robust. (+10% HP)


Message History

The spriggan berserker is no longer distracted by gold.
You headbutt the spriggan berserker.
The spriggan berserker is moderately wounded.
The spriggan berserker barely misses you.
Unknown command.
You feel much better.
The death yak is no longer distracted by gold.
The fire dragon is no longer distracted by gold.
The spriggan berserker hits you with a +2 flail of protection!
The spriggan berserker hits you but does no damage.
You sock the spriggan berserker!
Your headbutt misses the spriggan berserker.
The spriggan berserker is heavily wounded.
The death yak rages.
The spriggan berserker hits you with a +2 flail of protection!!
* * * LOW HITPOINT WARNING * * *
You bludgeon the spriggan berserker!!
Your headbutt misses the spriggan berserker.
The spriggan berserker is severely wounded.
The spriggan berserker hits you with a +2 flail of protection.
* * * LOW HITPOINT WARNING * * *
You bludgeon the spriggan berserker!!
You kill the spriggan berserker!
The death yak is no longer berserk.
The death yak disappears in a puff of smoke!
The fire giant is distracted by your dazzling golden aura.
The fire giant is no longer distracted by gold.
Things that are here:
81 gold pieces; a +2 flail of protection; a +0 animal skin You thump the fire giant!
You headbutt the fire giant.
The fire giant is moderately wounded.
The fire giant barely misses you.
You barely miss the fire giant.
The fire giant is moderately wounded.
You hit the fire giant.
The fire giant is moderately wounded.
The fire giant casts a spell at you.
The fireball explodes!
The fireball engulfs you!!!
You die...
Your body crumbles into a pile of gold.

▓.▓.▓.▓.▓.▓.▓
▓.▓.▓'▓.▓.▓∩▓.▓
▓.▓.▓.▓.▓)▓.▓.▓
▓.▓.▓?▓.▓∩▓[▓y▓
▓)▓.▓.▓.▓.▓.▓D▓
▓.▓.▓.▓.▓∩▓.▓.▓
▓.▓.▓.▓.▓)▓.▓C▓
▓.▓.▓.▓.▓∩▓.▓C▓
▓[▓.▓.▓.▓)▓.▓@▓
▓.▓.▓.▓.▓∩▓.▓.▓
▓.▓.▓.▓.▓)▓.▓$▓
▓)▓.▓.▓.▓)▓.▓$▓
▓.▓.▓.▓.▓)▓.▓$▓
▓.▓.▓.▓.▓)▓.▓$▓
▓'▓.▓'▓.▓.▓.▓.▓
▓_▓.▓.▓.▓)▓.▓.▓
▓_▓.▓.▓.▓.▓.▓.▓


You could see a fire giant, a fire dragon, a stone giant and a spark wasp.

Vanquished Creatures
  A very ugly thing (D)
  A stone giant (D)
  Josephine (D)
  Erolcha (D)
  A centaur warrior (D)
  3 two-headed ogres (D)
  Erica (D)
  2 tengu warriors (D)
  An orc high priest (D)
  A spriggan berserker (D)
  A wizard (D)
  A lindwurm (D)
  4 orc knights (D)
  5 orc sorcerers (D)
  3 cyclopes (D)
  An ugly thing (D)
  A manticore (D)
  A black mamba (D)
  An elephant (D)
  A gargoyle (D)
  3 cane toads (D)
  An efreet (D)
  4 komodo dragons (D)
  6 polar bears (D)
  A blink frog (D)
  A yak (D)
  4 wraiths (D)
  2 wyverns (D)
  A vampire mosquito (D)
  3 water moccasins (D)
  10 orc warriors (D)
  2 black bears (D)
  A phantom (D)
  2 bullfrogs (D)
  A killer bee (D)
  A hound (D)
  3 orc priests (D)
  An iguana (D)
  4 orc wizards (D)
  12 orcs (D)
  A kobold (D)
  2 quokkas (D)
  2 goblins (D)
100 creatures vanquished.

Vanquished Creatures (others)
  An unseen horror (D)
  An orc wizard (D)
  A ball python simulacrum (D)
3 creatures vanquished.

Grand Total: 103 creatures vanquished

Notes
Turn   | Place    | Note
-------+----------+-------------------------------------------
     0 | D        | 123456 the Minotaur Fighter began the quest for the Orb.
     0 | D        | Reached XP level 1. HP: 19/19 MP: 0/0
    10 | D        | Reached skill level 1 in Dodging
    20 | D        | Noticed an iguana
    20 | D        | Noticed a phantom
    20 | D        | Noticed a hound
    32 | D        | Killed a hound
    33 | D        | Reached skill level 5 in Fighting
    33 | D        | Reached skill level 5 in Maces & Flails
    33 | D        | Reached XP level 2. HP: 30/30 MP: 1/1
    33 | D        | Reached XP level 3. HP: 37/37 MP: 2/2
    35 | D        | Killed a phantom
    36 | D        | Reached skill level 5 in Armour
    36 | D        | Reached XP level 4. HP: 47/47 MP: 3/3
    39 | D        | Reached XP level 5. HP: 53/53 MP: 4/4
    48 | D        | Found a snail-covered altar of Cheibriados.
    48 | D        | Found a shadowy altar of Dithmenos.
    48 | D        | Found a white marble altar of Elyvilon.
    48 | D        | Found a blossoming altar of Fedhas.
    48 | D        | Found an opulent altar of Gozag.
    49 | D        | Found a hazy altar of Hepliaklqana.
    50 | D        | Found a viscous altar of Jiyva.
    51 | D        | Found an ancient bone altar of Kikubaaqudgha.
    52 | D        | Found a corrupted altar of Lugonu.
    53 | D        | Found a burning altar of Makhleb.
    54 | D        | Found a sparkling altar of Nemelex Xobeh.
    55 | D        | Found an iron altar of Okawaru.
    56 | D        | Became a worshipper of Gozag Ym Sagoz the Greedy
    59 | D        | Found a stormy altar of Qazlal.
    60 | D        | Found a sacrificial altar of Ru.
    61 | D        | Found a shimmering blue altar of Sif Muna.
    62 | D        | Found a bloodstained altar of Trog.
    63 | D        | Found a hide-covered altar of Uskayaw.
    64 | D        | Found a radiant altar of Vehumet.
    65 | D        | Found an ornate altar of the Wu Jian Council.
    66 | D        | Found a shimmering altar of Xom.
    67 | D        | Found a basalt altar of Yredelemnul.
    68 | D        | Found a glowing silver altar of Zin.
    69 | D        | Found a glowing golden altar of the Shining One.
   121 | D        | Noticed a wraith
   121 | D        | Noticed a two-headed ogre
   121 | D        | Noticed a two-headed ogre
   121 | D        | Noticed a two-headed ogre
   121 | D        | Noticed a wyvern
   124 | D        | Killed a wyvern
   125 | D        | Reached skill level 5 in Dodging
   125 | D        | Reached XP level 6. HP: 37/66 MP: 5/5
   130 | D        | Killed a two-headed ogre
   131 | D        | Reached XP level 7. HP: 30/77 MP: 6/6
   138 | D        | Killed a two-headed ogre
   139 | D        | Reached skill level 10 in Armour
   139 | D        | Reached XP level 8. HP: 26/86 MP: 7/7
   147 | D        | Killed a two-headed ogre
   148 | D        | Reached XP level 9. HP: 22/96 MP: 8/8
   372 | D        | Noticed a gargoyle
   372 | D        | Noticed a cyclops
   372 | D        | Noticed a cyclops
   372 | D        | Noticed a centaur warrior
   375 | D        | Killed an unseen horror
   379 | D        | Killed a centaur warrior
   380 | D        | Reached skill level 15 in Fighting
   380 | D        | Reached skill level 15 in Maces & Flails
   383 | D        | Killed a cyclops
   384 | D        | Reached skill level 10 in Dodging
   389 | D        | Killed a cyclops
   399 | D        | Killed a gargoyle
   400 | D        | Reached XP level 10. HP: 69/108 MP: 9/9
   616 | D        | Gained mutation: You expend magic power (3 MP) to
                  | strengthen your wands. [potion of mutation]
   616 | D        | Gained mutation: You have sharp toenails. [potion of
                  | mutation]
   617 | D        | Noticed a cane toad
   619 | D        | Noticed a cane toad
   620 | D        | Noticed a cane toad
   628 | D        | Killed a cane toad
   633 | D        | Killed a cane toad
   638 | D        | Killed a cane toad
   669 | D        | Noticed a black mamba
   678 | D        | Noticed a lindwurm
   683 | D        | Killed a black mamba
   694 | D        | Killed a lindwurm
   694 | D        | Noticed an elephant
   705 | D        | Killed an elephant
   706 | D        | Reached XP level 11. HP: 101/121 MP: 10/10
  1073 | D        | Noticed an orc knight
  1093 | D        | Noticed an orc sorcerer
  1094 | D        | Killed an orc knight
  1105 | D        | Paralysed by an orc sorcerer for 5 turns
  1111 | D        | Killed an orc sorcerer
  1112 | D        | Noticed an orc sorcerer
  1137 | D        | Killed an orc sorcerer
  1318 | D        | Found Beehaun's Assorted Antiques.
  1318 | D        | Noticed an orc sorcerer
  1318 | D        | Noticed an orc high priest
  1318 | D        | Noticed an orc sorcerer
  1319 | D        | Noticed an orc knight
  1322 | D        | Killed an orc sorcerer
  1327 | D        | Found Vemmo's Magic Scroll Shop.
  1327 | D        | Noticed an orc sorcerer
  1336 | D        | Killed an orc high priest
  1340 | D        | Killed an orc sorcerer
  1341 | D        | Reached skill level 15 in Armour
  1341 | D        | Found Aqyt's Assorted Antiques.
  1349 | D        | Killed an orc knight
  1353 | D        | Killed an orc sorcerer
  1354 | D        | Found Bimepro's Distillery.
  1360 | D        | Noticed an orc knight
  1363 | D        | Noticed an orc knight
  1365 | D        | Bought a scroll of enchant weapon for 82 gold pieces
  1367 | D        | Bought a +6 ring of dexterity for 936 gold pieces
  1367 | D        | Bought a potion of invisibility for 208 gold pieces
  1367 | D        | Bought a potion of might for 104 gold pieces
  1373 | D        | Bought a potion of curing for 30 gold pieces
  1373 | D        | Bought a potion of curing for 30 gold pieces
  1374 | D        | Killed an orc knight
  1380 | D        | Killed an orc knight
  1656 | D        | Bought a bone wand for 104 gold pieces
  1656 | D        | Bought a lightning rod (4/4) for 780 gold pieces
  1690 | D        | Noticed Josephine
  1698 | D        | Killed Josephine
  1699 | D        | Reached XP level 12. HP: 136/136 MP: 11/11
  1717 | D        | Bought a shiny chain mail for 232 gold pieces
  1717 | D        | Bought a piece from Xom's chessboard (15/15) for 620 gold
                  | pieces
  1717 | D        | Bought a scroll of enchant weapon for 232 gold pieces
  1717 | D        | Bought a potion of mutation for 248 gold pieces
  1754 | D        | Noticed Erolcha
  1759 | D        | Killed Erolcha
  1766 | D        | Noticed Erica
  1778 | D        | Killed Erica
  1935 | D        | Got the +0 pair of gloves of Lust {rN++}
  1986 | D        | Lost mutation: You have sharp toenails. [potion of
                  | mutation]
  1986 | D        | Lost mutation: You expend magic power (3 MP) to strengthen
                  | your wands. [potion of mutation]
  1986 | D        | Gained mutation: You are frail. (-10% HP) [potion of
                  | mutation]
  1986 | D        | Gained mutation: Your mind is acute. (Int +4, Str/Dex -1)
                  | [potion of mutation]
  1987 | D        | Lost mutation: You are frail. (-10% HP) [potion of
                  | mutation]
  1987 | D        | Lost mutation: Your mind is acute. (Int +4, Str/Dex -1)
                  | [potion of mutation]
  1987 | D        | Gained mutation: You are robust. (+10% HP) [potion of
                  | mutation]
  1987 | D        | Gained mutation: You sometimes lose your temper in combat.
                  | [potion of mutation]
  1987 | D        | Gained mutation: You expend magic power (3 MP) to
                  | strengthen your wands. [potion of mutation]
  1988 | D        | Lost mutation: You sometimes lose your temper in combat.
                  | [potion of mutation]
  1988 | D        | Lost mutation: You expend magic power (3 MP) to strengthen
                  | your wands. [potion of mutation]
  1988 | D        | Gained mutation: Your flesh is cold resistant. (rC+)
                  | [potion of mutation]
  1988 | D        | Gained mutation: Your mind is acute. (Int +4, Str/Dex -1)
                  | [potion of mutation]
  1989 | D        | Noticed a tengu warrior
  1989 | D        | Noticed a tengu warrior
  1995 | D        | Killed a tengu warrior
  2001 | D        | Noticed a stone giant
  2002 | D        | Noticed a red very ugly thing
  2017 | D        | Killed a tengu warrior
  2029 | D        | Killed a stone giant
  2030 | D        | Noticed a death yak
  2032 | D        | Noticed a fire giant
  2039 | D        | Killed a red very ugly thing
  2042 | D        | Noticed a stone giant
  2044 | D        | Noticed a fire dragon
  2050 | D        | Noticed a spark wasp
  2059 | D        | Killed from afar by a fire giant

Illustrated notes

Levels and vault maps discovered:
D:        linesprint [early_d, line_temple, items_1, d_10, items_2, lair_1,
          lair_end, items_3, orc_1, orc_end, items_4, d_15, swamp_1, shoals_1,
          snake_1, spider_1, d_20, vaults_1, items_5, swamp_end, shoals_end,
          snake_end, spider_end, vaults_end, d_27, items_6, zot_1, zot_end,
          crypt_end, forest_end, elf_end, slime_end, tomb_end, abyss_end,
          pan_hell_end]

Skill      XL: |  1  2  3  4  5  6  7  8  9 10 11 12 |
---------------+-------------------------------------+-----
Fighting       | 5 7 9 12 13 14 16 18 21 22 | 22.6
Maces & Flails | 5 6 7 9 12 13 14 16 18 20 22 | 22.4
Dodging        | 2 3 4 5 7 8 9 10 12 13 14 | 14.8
Armour         | 4 5 6 7 9 10 12 13 15 16 | 16.6
Shields        | |  3.6

Action                     |  1- 3 |  4- 6 |  7- 9 | 10-12 || total
---------------------------+-------+-------+-------+-------++-------
  Melee: Flail             |    25 |     6 |       |       ||    31
         Headbutt          |     3 |     4 |     8 |    65 ||    80
         Morningstar       |       |     9 |    49 |   158 ||   216
         Kick              |       |       |       |    32 ||    32
         Great mace        |       |       |       |   131 ||   131
 Invoke: Call Merchant     |       |       |       |     1 ||     1
    Use: Potion            |       |       |     1 |     6 ||     7
         Scroll            |       |       |       |     6 ||     6
   Stab: Distracted        |       |       |     1 |     2 ||     3
 Armour: Scale mail        |    16 |       |       |       ||    16
         Chain mail        |       |     2 |    15 |    84 ||   101
  Dodge: Dodged            |    11 |     9 |    12 |   122 ||   154
  Block: Buckler           |     4 |     2 |     9 |     9 ||    24

Table legend: (Time is in decaauts)
 A = Elapsed time spent in this place.
 B = Non-inter-level travel time spent in this place.
 C = Inter-level travel time spent in this place.
 D = Time resting spent in this place.
 E = Time spent auto-exploring this place.
 F = Levels seen in this place.
 G = Mean time per level.
                   A        B        C        D        E       F      G
               +--------+--------+--------+--------+--------+-----+--------+
         Total |   1986 |   1986 |      0 |    664 |    530 |   1 | 1986.0 |
       Dungeon |   1986 |   1986 |      0 |    664 |    530 |   1 | 1986.0 |
               +--------+--------+--------+--------+--------+-----+--------+

Top non-repeatable levels by time:
       D: 1986 daAuts
